 Dungeon Crawl Stone Soup version 0.28-a0-21-gf74fda84f9 (console) character file.

Game seed: 10566607739203608813

17637 jejorda2 the Impaler (level 12, -4/154 HPs)
             Began as a Merfolk Berserker on July 27, 2021.
             Was a High Priest of Trog.
             Slain by Fannar (17 damage)
             ... on level 10 of the Dungeon.
             The game lasted 00:29:32 (13048 turns).

jejorda2 the Impaler (Merfolk Berserker)           Turns: 13048, Time: 00:29:32

Health: -4/154     AC: 22    Str: 22    XL:     12   Next: 50%
Magic:  21/21      EV:  8    Int:  6    God:    Trog [*****.]
Gold:   472        SH:  0    Dex:  9    Spells: 11/11 levels left

rFire   . . .      SeeInvis .   a - +3 halberd
rCold   . . .      Faith    .   (shield currently unavailable)
rNeg    + . .      Spirit   .   G - +5 plate armour "Aximuisk" {Fly MP+9 Dex-5 Stlth+}
rPois   +          Reflect  .   J - +0 helmet
rElec   .          Harm     .   A - +0 cloak
rCorr   .          Rampage  .   u - +1 pair of gloves
Will    .....                   (no boots)
Stlth   ..........              n - amulet of Vitality {Regen+ HP+15}
HPRegen 1.35/turn               s - ring of poison resistance
MPRegen 0.17/turn               I - ring of positive energy

@: berserking, flying, studying Evocations, very quick
A: (nimble swimmer 2), mertail
a: Renounce Religion, Berserk, Trog's Hand, Brothers in Arms


You were on level 10 of the Dungeon.
You worshipped Trog.
Trog was extremely pleased with you.
You visited 1 branch of the dungeon, and saw 10 of its levels.
You also visited: Sewer and Bailey.

You collected 692 gold pieces.
You spent 220 gold pieces at shops.

Inventory:

Hand Weapons
 a - a +3 halberd (weapon)
 b - a +1 spear of venom
Missiles
 c - 71 poisoned darts (quivered)
 j - 79 boomerangs
 q - 3 throwing nets
Armour
 u - a +1 pair of gloves (worn)
 A - a +0 cloak (worn)
 G - the +5 plate armour "Aximuisk" (worn) {Fly MP+9 Dex-5 Stlth+}
   (You took it off a goblin in a bailey)

   Dex:       It affects your dexterity (-5).
   MP:        It affects your magic capacity (+9).
   Fly:       It grants you flight.
   Stlth:     It makes you more stealthy.
 J - a +0 helmet (worn)
Jewellery
 n - the amulet of Vitality (around neck) {Regen+ HP+15}
   (You found it on level 7 of the Dungeon)

   [amulet of regeneration]

   HP:        It affects your health (+15).
   Regen:     It increases your rate of health regeneration.
 s - a ring of poison resistance (left hand)
 v - a ring of fire
 H - a ring of fire
 I - a ring of positive energy (right hand)
Wands
 e - a wand of flame (24)
 B - a wand of mindburst (20)
Scrolls
 d - 3 scrolls of magic mapping
 f - 2 scrolls of enchant weapon
 i - a scroll of vulnerability
 m - 2 scrolls of summoning
 r - a scroll of teleportation
 y - a scroll of fear
 E - a scroll of blinking
 F - a scroll of brand weapon
Potions
 g - 2 potions of flight
 h - 2 potions of curing
 k - 2 potions of mutation
 l - 2 potions of cancellation
 o - 5 potions of might
 p - a potion of resistance
 w - a potion of attraction {unknown}
 x - 3 potions of heal wounds
 C - a potion of lignification {unknown}
 D - 2 potions of haste


   Skills:
 - Level 6.0 Fighting
 + Level 19.2 Polearms
 * Level 9.1 Throwing
 - Level 6.0 Armour
 - Level 6.0 Dodging
 + Level 3.5 Evocations


You had 11 spell levels left.
You didn't know any spells.
Your spell library was empty.

Dungeon Overview and Level Annotations

Branches:
Dungeon (10/15)            Temple (0/1) D:6           Sewer (visited)
 Bailey (visited)
   Lair: D:8-11         Orc: D:9-12

Altars:
Ashenzari
Hepliaklqana

Shops:
D:1 *==   D:7 :

Annotations:
D:10 Fannar


Innate Abilities, Weirdness & Mutations

((You are quick and stealthy near water. (Stealth+, EV+, Speed+++)))
Your lower body shifts to a powerful aquatic tail in water.


Message History

You slash Fannar!
Fannar is moderately wounded.
The ice beast hits you but does no damage.
You barely miss Fannar.
Fannar is moderately wounded.
Fannar mumbles some strange words.
The ice beast barely misses you.
You closely miss Fannar.
Fannar is moderately wounded.
Fannar hits you but does no damage. Fannar freezes you!
You closely miss Fannar.
Fannar is moderately wounded.
The ice beast hits you but does no damage.
You closely miss Fannar.
Fannar is moderately wounded.
Fannar hits you with a staff of cold. Fannar freezes you!
The ice beast hits you but does no damage.
You hit Fannar but do no damage.
Fannar is moderately wounded.
Fannar mumbles some strange words.
Fannar drains the heat from the surrounding environment!
The ice beast hits you but does no damage.
You barely miss Fannar.
Fannar is moderately wounded.
The ice beast hits you but does no damage.
Fannar hits you but does no damage. Fannar freezes you!
* * * LOW HITPOINT WARNING * * *
You impale Fannar!!
Fannar is severely wounded.
Fannar is no longer moving slowly.
The ice beast barely misses you. The ice beast hits you.
* * * LOW HITPOINT WARNING * * *
The ice beast freezes you!
* * * LOW HITPOINT WARNING * * *
A red film seems to cover your vision as you go berserk!
You feel yourself moving faster!
You feel mighty! Fannar hits you with a staff of cold!
* * * LOW HITPOINT WARNING * * *
Fannar freezes you!
You die...

...............
...............
#...............
##..(............
##...............
##...............
#.....YeY........
.......@.........
................#
......<[.......##
...............##
...............##
.....###........#
....#####.........
....#####..........
....#####.........>


You could see Fannar (fast) and 2 ice beasts.

Vanquished Creatures
  Harold (D:7)
  Erica (D:8)
  Pikel (D:7)
  Psyche (D:8)
  Prince Ribbit (D:6)
  A troll (D:9)
  A hornet (D:8)
  A wyvern (D:9)
  6 yaks (D:9)
  4 vampire mosquitoes
  A steam dragon (D:6)
  An acid dragon (D:8)
  3 water moccasins
  8 orc warriors
  A black bear (D:7)
  A hornet zombie (D:7)
  An ice beast (D:5)
  3 centaurs
  2 lemures (D:7)
  7 kobold brigands
  5 bullfrogs
  A gnoll sergeant (D:7)
  A scorpion (D:5)
  12 killer bees
  17 wights
  6 howler monkeys
  A centaur zombie (D:6)
  2 bullfrog zombies (D:6)
  A hound (D:7)
  A jelly (D:4)
  Crazy Yiuf (D:7)
  A gnoll shaman (D:8)
  3 orc priests (D:8)
  5 iguanas
  5 orc wizards
  2 howler monkey zombies
  5 river rats
  6 adders
  16 gnolls
  An ufetubus (D:6)
  2 adder skeletons (D:4)
  5 worms
  2 dart slugs (D:2)
  22 orcs
  7 ball pythons
  3 bats
  14 endoplasms
  4 giant cockroaches
  7 goblins
  6 hobgoblins
  2 jackals (D:5)
  3 quokkas (D:3)
  2 frilled lizards
  27 kobolds
  6 rats
250 creatures vanquished.

Vanquished Creatures (collateral kills)
  An orc warlord (Bailey)
  The ghost of Chroloform the Fighter, a novice MiFi of Cheibriados (D:7)
  A moth of wrath (D:7)
  A wyvern (D:7)
  A black bear (D:7)
5 creatures vanquished.

Vanquished Creatures (others)
  3 plants (D:6)
3 creatures vanquished.

Grand Total: 258 creatures vanquished

Notes
Turn   | Place    | Note
-------+----------+-------------------------------------------
     0 | D:1      | jejorda2 the Merfolk Berserker began the quest for the Orb.
     0 | D:1      | Reached XP level 1. HP: 18/18 MP: 1/1
   219 | D:1      | Found Juquath's Jewellery Boutique.
   353 | D:1      | Found Romuo's General Store.
   383 | D:1      | Found a faded altar of an unknown god.
   389 | D:1      | Reached XP level 2. HP: 24/24 MP: 2/2
   442 | D:1      | Found Pial's Jewellery Boutique.
   882 | D:2      | Reached skill level 5 in Polearms
  1050 | D:2      | Found a broken altar of Ashenzari.
  1067 | D:2      | Reached XP level 3. HP: 29/29 MP: 3/3
  1626 | D:3      | Reached skill level 6 in Polearms
  1626 | D:3      | Reached XP level 4. HP: 37/37 MP: 4/4
  1748 | D:3      | Reached ** piety under Trog
  1963 | D:4      | Reached XP level 5. HP: 42/42 MP: 5/5
  2196 | D:4      | Found a hazy altar of Hepliaklqana.
  2721 | D:4      | Reached skill level 7 in Polearms
  2824 | D:5      | Entered Level 5 of the Dungeon
  2916 | D:5      | Reached XP level 6. HP: 44/49 MP: 6/6
  2925 | D:5      | Found a glowing drain.
  2999 | Sewer    | Entered a sewer
  3284 | Sewer    | Reached skill level 8 in Polearms
  3495 | Sewer    | Reached skill level 5 in Fighting
  3495 | Sewer    | Reached XP level 7. HP: 45/56 MP: 7/7
  3938 | Sewer    | Reached skill level 9 in Polearms
  4189 | Sewer    | Reached *** piety under Trog
  4453 | D:5      | Reached skill level 10 in Polearms
  4453 | D:5      | Reached XP level 8. HP: 64/64 MP: 8/8
  5181 | D:5      | Reached skill level 11 in Polearms
  5470 | D:6      | Reached skill level 12 in Polearms
  5693 | D:6      | Reached XP level 9. HP: 39/69 MP: 9/9
  5995 | D:1      | Bought a ring of poison resistance for 220 gold pieces
  6278 | D:6      | Found a staircase to the Ecumenical Temple.
  6384 | D:6      | Noticed Prince Ribbit
  6400 | D:6      | Killed Prince Ribbit
  6401 | D:6      | Reached skill level 13 in Polearms
  6401 | D:6      | Reached skill level 5 in Armour
  6884 | D:7      | Noticed Pikel
  6904 | D:7      | Killed Pikel
  6905 | D:7      | Reached skill level 14 in Polearms
  7157 | D:7      | Found a transporter.
  7162 | D:7      | Noticed Chroloform's ghost (novice MiFi)
  7162 | D:7      | Noticed a moth of wrath
  7163 | D:7      | Found the amulet of Vitality {Regen+ HP+15}
  7193 | D:7      | Found a transporter.
  7458 | D:7      | Reached **** piety under Trog
  7783 | D:7      | Found Henack's Book Emporium.
  7916 | D:7      | Reached XP level 10. HP: 76/76 MP: 10/10
  7928 | D:7      | Reached skill level 15 in Polearms
  8249 | D:7      | Noticed Harold
  8267 | D:7      | Killed Harold
  8268 | D:7      | Reached skill level 16 in Polearms
  8575 | D:7      | Found a runed translucent door.
  8576 | D:7      | Noticed Crazy Yiuf
  8580 | D:7      | Killed Crazy Yiuf
  9299 | D:8      | Noticed Erica
  9311 | D:8      | Killed Erica
  9312 | D:8      | Reached skill level 17 in Polearms
  9552 | D:8      | Noticed Psyche
  9580 | D:8      | Killed Psyche
 10130 | D:8      | Reached skill level 1 in Throwing
 10750 | D:9      | Found a flagged portal.
 10778 | Bailey   | Entered a bailey
 10827 | Bailey   | Reached ***** piety under Trog
 10846 | Bailey   | Reached XP level 11. HP: 81/81 MP: 11/11
 10881 | Bailey   | Noticed an orc warlord
 11049 | Bailey   | Identified the +5 plate armour "Aximuisk" {Fly MP+9 Dex-5
                  | Stlth+}
 11053 | Bailey   | Found a runed translucent gate.
 11053 | Bailey   | Found a runed translucent gate.
 11053 | Bailey   | Found a runed translucent gate.
 11287 | Bailey   | Killed an orc warlord
 11288 | Bailey   | Reached skill level 5 in Dodging
 11305 | Bailey   | Reached skill level 18 in Polearms
 11305 | Bailey   | Reached XP level 12. HP: 87/88 MP: 12/12
 11376 | Bailey   | Acquired a manual of Evocations
 11463 | D:9      | Reached skill level 19 in Polearms
 11828 | D:9      | Reached skill level 1 in Evocations
 12664 | D:10     | Entered Level 10 of the Dungeon
 12825 | D:7      | Killed Chroloform's ghost
 13028 | D:10     | Noticed Fannar
 13048 | D:10     | Slain by Fannar

Illustrated notes

Levels and vault maps discovered:
D:1:      dpeg_arrival_arbitrary_c, layout_loops_ring,
          ebering_ecumenical_altar_rust, serial_forest,
          infiniplex_forest_side_room, infiniplex_forest_lined_2,
          infiniplex_forest_fountain, infiniplex_forest_lined_3,
          infiniplex_forest_pool, infiniplex_forest_straight_5, serial_shops,
          shop, shop, nicolae_diamond_shop, minivault_11
D:2:      layout_rooms, basic_altar
D:3:      layout_rooms
D:4:      layout_loops_ring, kennysheep_mini, patterned_corridor
D:5:      layout_loops_ring, portal_sewer_entry_c, wad_floor_pattern_untrapped
D:6:      layout_rooms, minmay_temple_entry_gardened_gates, uniq_prince_ribbit1
D:7:      layout_basic, gammafunk_ghost_berserking_beasts, serial_shops,
          nicolae_shop_crystal, uniq_harold, uniq_pikel, uniq_crazy_yiuf_cottage
D:8:      layout_loops_ring, serial_co_window_serial, co_window_corner_a,
          co_window_paths_a, co_window_cross_1, co_window_paths_b,
          co_window_of_opportunity_a, co_window_of_opportunity_c,
          co_window_broadway_b, co_window_cross_4, co_window_corner_b,
          co_window_corner_ca, co_window_of_opportunity_c, co_window_4corner_a,
          glass_columns_a, glass_columns_a, glass_columns_a, uniq_psyche,
          uniq_erica
D:9:      layout_stronghold, lightli_bailey_entry_fortress,
          amcnicky_mini_rare_corridor_liquid
D:10:     layout_big_octagon, erik_orc_1, uniq_fannar

Skill      XL: |  1  2  3  4  5  6  7  8  9 10 11 12 |
---------------+-------------------------------------+-----
Polearms       | 5 6 7 8 10 12 14 17 18 19 | 19.2
Armour         | 2 3 4 5 6 |  6.0
Fighting       | 4 5 6 |  6.0
Dodging        | 4 5 6 |  6.0
Throwing       | 2 8 9 |  9.1
Evocations     | 3 |  3.5

Action                   |  1- 3 |  4- 6 |  7- 9 | 10-12 || total
-------------------------+-------+-------+-------+-------++-------
Melee: Spear             |    93 |   187 |   380 |       ||   660
       Tailslap          |       |     4 |     8 |     7 ||    19
       Halberd           |       |       |    49 |   424 ||   473
Throw: Dart              |       |     1 |    14 |    34 ||    49
Invok: Berserk           |     2 |     4 |    13 |    11 ||    30
       Trog's Hand       |       |     1 |       |     2 ||     3
       Brothers in Arms  |       |       |       |     2 ||     2
  Use: Scroll            |       |     7 |    12 |     4 ||    23
       Potion            |       |       |       |     1 ||     1
 Stab: Sleeping          |     1 |       |       |       ||     1
Armor: Scale mail        |    23 |     2 |       |       ||    25
       Chain mail        |       |    48 |   100 |    89 ||   237
       Plate armour      |       |       |       |    49 ||    49
Dodge: Dodged            |    23 |    44 |    84 |   150 ||   301

Table legend: (Time is in decaauts)
 A = Elapsed time spent in this place.
 B = Non-inter-level travel time spent in this place.
 C = Inter-level travel time spent in this place.
 D = Time resting spent in this place.
 E = Time spent auto-exploring this place.
 F = Levels seen in this place.
 G = Mean time per level.
                   A        B        C        D        E       F      G
               +--------+--------+--------+--------+--------+-----+--------+
         Total |  12763 |  11904 |    859 |   1575 |   8388 |  12 | 1063.6 |
       Dungeon |  10936 |  10077 |    859 |   1355 |   7279 |  10 | 1093.6 |
         Sewer |   1271 |   1271 |      0 |    216 |    858 |   1 | 1271.0 |
        Bailey |    555 |    555 |      0 |      3 |    251 |   1 |  555.0 |
               +--------+--------+--------+--------+--------+-----+--------+

Top non-repeatable levels by time:
     D:7: 2433 daAuts
     D:8: 1829 daAuts
     D:9: 1406 daAuts
   Sewer: 1271 daAuts
     D:5: 1203 daAuts
     D:6: 1007 daAuts
     D:4: 949 daAuts
     D:1: 906 daAuts
     D:2: 642 daAuts
  Bailey: 555 daAuts
     D:3: 508 daAuts
    D:10: 49 daAuts
